 Dungeon Crawl Stone Soup version 0.21.1-1-g345015f (webtiles) character file.

123201 nicolaieve the Executioner (level 16, -12/159 HPs)
             Began as a Minotaur Berserker on July 13, 2018.
             Was the Champion of Trog.
             Mangled by Polyphemus (16 damage)
             ... on level 2 of the Shoals.
             The game lasted 01:52:25 (18689 turns).

nicolaieve the Executioner (Minotaur Berserker)    Turns: 18689, Time: 01:52:26

Health: -12/159    AC: 21    Str: 29    XL:     16   Next: 36%
Magic:  15/15      EV:  2    Int:  4    God:    Trog [******]
Gold:   2050       SH:  0    Dex: 16    Spells: 15/15 levels left

rFire    . . .     SeeInvis +   z - +6 battleaxe of the Inferno {flame, SInv}
rCold    . . .     Gourm    .   (shield currently unavailable)
rNeg     + + +     Faith    .   B - +5 scale mail "Dabem" {rPois rC- rCorr Dex+6}
rPois    ∞         Spirit   .   (helmet restricted)
rElec    .         Reflect  .   r - +0 cloak
rCorr    +         Harm     .   l - +1 pair of gloves
MR       +....                  O - +1 pair of boots {Fly}
Stlth    ..........             J - amulet of regeneration
HPRegen  0.76/turn              L - +4 ring of slaying
MPRegen  0.14/turn              g - ring of protection from cold

@: petrified, berserk cooldown, flying, slowed
A: retaliatory headbutt, horns 2
a: Berserk, Trog's Hand, Brothers in Arms, Burn Spellbooks, Renounce Religion,
Stop Flying


You were on level 2 of the Shoals.
You worshipped Trog.
Trog was exalted by your worship.
You were very hungry.

You visited 4 branches of the dungeon, and saw 25 of its levels.
You also visited: Ice Cave.

You collected 2260 gold pieces.
You spent 210 gold pieces at shops.

Inventory:

Hand Weapons
 x - a +3 demon whip of electrocution
 z - the +6 battleaxe of the Inferno (weapon) {flame, SInv}
   (Trog gifted it to you on level 5 of the Lair of Beasts)

   It has been specially enchanted to burn those struck by it, causing extra
   injury to most foes and up to half again as much damage against particularly
   susceptible opponents.
   Big, fiery blades are also staple armaments of hydra-hunters.
   It lets you see invisible.
 A - a +3 antimagic executioner's axe
 U - a +7 battleaxe of freezing
Armour
 l - a +1 pair of gloves (worn)
 r - a +0 cloak (worn)
 B - the +5 scale mail "Dabem" (worn) {rPois rC- rCorr Dex+6}
   (You found it on level 6 of the Dungeon)

   It affects your dexterity (+6).
   It makes you vulnerable to cold.
   It protects you from poison.
   It protects you from acid and corrosion.
 O - a +1 pair of boots of flying (worn)
 P - a +4 chain mail
Jewellery
 g - a ring of protection from cold (right hand)
 j - an uncursed ring of resist corrosion
 J - an amulet of regeneration (around neck)
 L - a +4 ring of slaying (left hand)
Wands
 h - a wand of clouds (6)
 p - a wand of flame (174)
 y - a wand of iceblast (49)
 C - a wand of paralysis (18)
 D - a wand of disintegration (10)
 I - a wand of enslavement (12)
 K - a wand of digging (11)
 M - a wand of random effects (59)
 Q - a wand of polymorph (52)
Scrolls
 e - a scroll of brand weapon
 f - a scroll of identify
 i - a scroll of enchant weapon
 k - 10 scrolls of enchant armour {unknown}
 m - 3 scrolls of fear
 n - 8 scrolls of remove curse
 s - 16 scrolls of teleportation {unknown}
 t - 5 scrolls of fog
 u - a scroll of blinking
 F - a scroll of silence
 G - a scroll of holy word
Potions
 a - 3 potions of agility
 b - a potion of cancellation
 d - 5 potions of haste
 o - 9 potions of curing
 w - 5 potions of invisibility
 E - 2 potions of mutation
 H - 3 potions of ambrosia
 N - 2 potions of lignification
 V - a potion of resistance
Comestibles
 c - 37 rations
 q - 3 chunks of flesh


   Skills:
 * Level 18.5 Fighting
 + Level 22.2 Axes
 * Level 14.1 Armour
 * Level 9.5 Dodging
 - Level 0.6 Stealth


You had 15 spell levels left.
You didn't know any spells.

Dungeon Overview and Level Annotations

Branches:
Dungeon (15/15)            Temple (0/1) D:7            Lair (6/6) D:11
 Shoals (2/4) Lair:4       Spider (0/4) Lair:2        Slime (0/5) Lair:6
    Orc (2/2) D:11            Elf (0/3) Orc:2        Vaults (0/5) D:13
 Depths (0/5) D:15

Altars:
Ashenzari
Elyvilon
Gozag
Kikubaaqudgha
Okawaru
Ru
Trog
Vehumet
Zin
The Shining One
Beogh
Jiyva

Shops:
D:10 *   Orc:2 *(*[=

Annotations:
Shoals:2 Polyphemus


Innate Abilities, Weirdness & Mutations

You reflexively headbutt those who attack you in melee.
You have a pair of horns on your head.


Message History

The death yak gores you!
Polyphemus hits you but does no damage. x2; The death yak gores you!
* * * LOW HITPOINT WARNING * * *
The death yak gores you but does no damage.
Polyphemus hits you!!
* * * LOW HITPOINT WARNING * * *
Polyphemus hits you but does no damage. The death yak completely misses you.
Polyphemus hits you!
* * * LOW HITPOINT WARNING * * *
Polyphemus hits you. The death yak gores you!!
* * * LOW HITPOINT WARNING * * *
Polyphemus hits you!
* * * LOW HITPOINT WARNING * * *
Polyphemus hits you.
* * * LOW HITPOINT WARNING * * *
The death yak gores you but does no damage.
The death yak gores you!
* * * LOW HITPOINT WARNING * * *
Polyphemus hits you!!
You die...

≈≈≈≈.≈≈≈≈≈≈≈≈≈.##.. #...≈≈≈≈≈
≈≈≈≈≈.≈≈≈≈≈≈≈≈≈......# #cc.c≈≈≈≈
≈≈≈≈≈≈≈..≈≈≈≈≈≈≈≈≈...##....≈≈≈≈≈≈
≈≈≈≈≈(≈..≈≈≈≈≈≈≈≈........≈≈≈≈≈≈≈≈
≈≈≈≈≈≈...≈≈≈≈≈≈≈≈..#....
≈≈≈≈≈≈≈..≈≈≈≈≈≈≈≈≈.....#
..)(≈≈≈(.≈≈≈≈≈≈≈≈≈≈....#
.....≈(....)≈≈≈Y..≈≈.##
......≈≈.(.)≈≈≈Y@C.≈..##
......(..).≈≈≈≈.........
.....≈≈....≈≈≈†(#$......
≈≈≈≈≈≈..?..≈..≈.##......
..≈≈......(≈≈(≈.###.....
≈.≈≈....≈≈≈≈≈≈≈...#.....
≈≈≈≈≈≈≈≈≈≈≈≈≈≈..### #..#
≈≈≈≈......≈≈.....# #.#
≈≈≈≈.≈≈≈........## ..


You could see Polyphemus and 2 death yaks.

Vanquished Creatures
  Gastronok (Lair:1)
  Kirke (Lair:4)
  Azrael (D:14)
  A merfolk javelineer (Shoals:1)
  A merfolk impaler (Shoals:2)
  An ettin (Orc:1)
  Josephine (D:12)
  2 fire dragons (D:15)
  Fannar (D:10)
  3 hydras
  A vault guard (D:13)
  An ice dragon (D:15)
  2 catoblepae
  2 merfolk aquamancers (Shoals:2)
  3 centaur warriors
  An alligator snapping turtle (Shoals:2)
  3 two-headed ogres
  The ghost of eyesofgods1 the Fighter, a journeyman SpAs of Dithmenos (D:12)
  The ghost of Shutra the Ducker, a novice DsGl of Hepliaklqana (D:12)
  4 death yaks (Lair:6)
  Nergalle (Lair:1)
  3 orc high priests (Orc:2)
  4 sea snakes
  7 unseen horrors
  A wizard (D:13)
  4 lindwurms (D:10)
  7 orc knights
  4 necromancers
  9 harpies (Shoals:2)
  A cyclops (Shoals:1)
  2 deep elf magi
  12 ugly things
  An orb spider (Lair:2)
  4 fauns
  7 manticores
  Maurice (Orc:1)
  6 elephants
  9 orc sorcerers
  4 merfolk sirens
  3 water nymphs
  4 ice statues (IceCv)
  8 black mambas
  11 spiny frogs
  3 rime drakes
  2 kobold demonologists
  5 komodo dragons
  5 ice devils (IceCv)
  14 merfolk
  3 trolls
  3 meliai (D:15)
  A polar bear (shapeshifter) (D:13)
  3 polar bears
  7 hornets
  12 blink frogs
  A snapping turtle (Shoals:2)
  23 dream sheep
  A harpy skeleton (D:15)
  5 slime creatures (D:12)
  Prince Ribbit (Lair:1)
  6 hippogriffs
  2 vampires
  3 shadows
  16 spriggans
  6 water elementals
  A wyvern (D:13)
  22 humans
  28 yaks
  A fire elemental (D:14)
  6 wraiths
  2 basilisks (Lair:1)
  3 hogs (Shoals:1)
  A hungry ghost (D:12)
  3 vampire mosquitoes (D:14)
  6 wargs (Orc:2)
  3 hell hounds (D:14)
  An acid dragon (D:15)
  A soldier ant (D:13)
  10 water moccasins
  9 porcupines
  28 orc warriors
  A sky beast (D:9)
  9 black bears
  A hornet zombie (D:15)
  14 ice beasts
  14 ogres
  2 necrophages
  5 phantoms
  3 eyes of draining
  3 boggarts (Lair:6)
  16 centaurs
  35 wolves
  12 crocodiles
  Blork the orc (D:9)
  17 bullfrogs
  2 big kobolds (D:12)
  A gnoll sergeant (Orc:2)
  A wyvern skeleton (D:6)
  3 scorpions
  3 wights (D:9)
  14 killer bees
  6 howler monkeys
  3 vampire bats (D:4)
  4 electric eels (D:12)
  6 crimson imps
  3 quasits
  2 bullfrog zombies
  2 centaur zombies
  A draconian simulacrum (IceCv)
  27 orc priests
  2 jellies
  A bullfrog skeleton (D:5)
  5 centaur skeletons
  10 hounds
  3 iguanas
  6 hell rats (Lair:6)
  Terence (D:3)
  38 orc wizards
  6 worker ants
  A spriggan simulacrum (IceCv)
  2 troll simulacra (IceCv)
  3 centaur simulacra (IceCv)
  A hound zombie (D:7)
  A worker ant zombie (D:8)
  9 gnolls
  2 naga simulacra (IceCv)
  11 adders
  An ogre simulacrum (IceCv)
  3 shadow imps
  An ooze (D:2)
  3 worms (D:2)
  2 dart slugs
  7 leopard geckos
  81 orcs
  2 ball pythons
  9 bats
  4 giant cockroaches
  4 goblins
  A hobgoblin (D:1)
  3 jackals (D:8)
  11 kobolds
  4 quokkas
  3 frilled lizards
  A goblin skeleton (D:9)
  2 goblin zombies (D:9)
  A hobgoblin zombie (D:9)
  3 kobold skeletons (D:9)
  A kobold zombie (D:9)
  2 orc zombies (D:9)
  5 rats
  4 fungi
  6 plants (Shoals:1)
869 creatures vanquished.

Vanquished Creatures (others)
  A death yak (Shoals:2)
  5 bushes (D:11)
  3 fungi
9 creatures vanquished.

Grand Total: 878 creatures vanquished

Notes
Turn   | Place    | Note
-------+----------+-------------------------------------------
     0 | D:1      | nicolaieve the Minotaur Berserker began the quest for the Orb.
     0 | D:1      | Reached XP level 1. HP: 19/19 MP: 0/0
   152 | D:1      | Reached XP level 2. HP: 19/27 MP: 1/1
   201 | D:1      | Reached skill level 4 in Axes
   418 | D:2      | Reached XP level 3. HP: 17/33 MP: 2/2
   449 | D:2      | Reached ** piety under Trog
   701 | D:2      | Reached XP level 4. HP: 20/41 MP: 3/3
   886 | D:3      | Noticed Terence
   898 | D:3      | Killed Terence
   898 | D:3      | Reached skill level 5 in Axes
   938 | D:3      | Reached XP level 5. HP: 38/47 MP: 4/4
  1052 | D:3      | Reached skill level 5 in Fighting
  1596 | D:4      | Noticed an ogre
  1601 | D:4      | Reached XP level 6. HP: 56/56 MP: 5/5
  1604 | D:4      | Reached skill level 6 in Axes
  1932 | D:4      | Reached *** piety under Trog
  1932 | D:4      | Reached XP level 7. HP: 61/62 MP: 6/6
  1944 | D:4      | Reached skill level 7 in Axes
  2133 | D:5      | Entered Level 5 of the Dungeon
  2253 | D:5      | Found a white marble altar of Elyvilon.
  2333 | D:5      | Reached skill level 8 in Axes
  2408 | D:5      | Reached skill level 9 in Axes
  2408 | D:5      | Reached XP level 8. HP: 54/70 MP: 7/7
  2674 | D:5      | Found an ancient bone altar of Kikubaaqudgha.
  2906 | D:6      | Reached skill level 10 in Axes
  2929 | D:6      | Got an ichor-stained scale mail
  2940 | D:6      | Identified the +5 scale mail "Dabem" {rPois rC- rCorr Dex+6} (You found it on level 6 of the Dungeon)
  3013 | D:6      | Found a radiant altar of Vehumet.
  3066 | D:6      | Reached skill level 11 in Axes
  3072 | D:6      | Reached **** piety under Trog
  3423 | D:7      | Reached skill level 12 in Axes
  3429 | D:7      | Found a shattered altar of Ashenzari.
  3483 | D:7      | Reached XP level 9. HP: 75/75 MP: 8/8
  3516 | D:7      | Found a staircase to the Ecumenical Temple.
  3837 | D:8      | Reached skill level 13 in Axes
  3992 | D:8      | Reached skill level 14 in Axes
  4036 | D:8      | Found an iron altar of Okawaru.
  4295 | D:8      | Found a glowing silver altar of Zin.
  4302 | D:8      | Got a fine copper amulet
  4303 | D:8      | Identified the amulet "Furysol" {+Blink +Rage +Fly rF++ Slay-2} (You found it on level 8 of the Dungeon)
  4507 | D:8      | Reached skill level 15 in Axes
  4792 | D:9      | Reached XP level 10. HP: 83/83 MP: 9/9
  4868 | D:9      | Noticed Blork the orc
  4875 | D:9      | Killed Blork the orc
  5008 | D:9      | Reached skill level 16 in Axes
  5084 | D:9      | Found a sacrificial altar of Ru.
  5085 | D:9      | Found an opulent altar of Gozag.
  5138 | D:9      | Reached ***** piety under Trog
  5268 | D:9      | Found a glowing golden altar of the Shining One.
  5384 | D:10     | Entered Level 10 of the Dungeon
  5390 | D:10     | Received a gift from Trog
  5407 | D:10     | Noticed Fannar
  5418 | D:10     | Killed Fannar
  5418 | D:10     | Reached skill level 17 in Axes
  5418 | D:10     | Reached skill level 5 in Armour
  5715 | D:10     | Killed an unseen horror
  5715 | D:10     | Reached XP level 11. HP: 73/91 MP: 10/10
  5725 | D:10     | Noticed a lindwurm
  5738 | D:10     | Noticed a lindwurm
  5944 | D:10     | Found Kisyar's Assorted Antiques.
  5959 | D:10     | Killed an unseen horror
  6409 | D:11     | Killed an unseen horror
  6445 | D:11     | Found a staircase to the Orcish Mines.
  6450 | D:11     | Found a staircase to the Lair.
  6612 | Lair:1   | Entered Level 1 of the Lair of Beasts
  6623 | Lair:1   | Noticed Gastronok
  6633 | Lair:1   | Killed Gastronok
  6696 | Lair:1   | Noticed Nergalle
  6708 | Lair:1   | Killed Nergalle
  7044 | Lair:1   | Reached XP level 12. HP: 89/106 MP: 11/11
  7166 | Lair:1   | Noticed Prince Ribbit
  7169 | Lair:1   | Killed Prince Ribbit
  7169 | Lair:1   | Reached skill level 10 in Fighting
  7176 | Lair:1   | Reached skill level 18 in Axes
  7463 | Lair:2   | Noticed a six-headed hydra
  7471 | Lair:2   | Killed a six-headed hydra
  7471 | Lair:2   | Reached skill level 10 in Armour
  7526 | Lair:2   | Found a hole to the Spider Nest.
  8960 | Lair:4   | Found a staircase to the Shoals.
  9007 | Lair:4   | Found a frozen archway.
  9021 | Lair:4   | Reached skill level 5 in Dodging
  9028 | Lair:4   | Received a gift from Trog
  9033 | Lair:4   | Got a dazzling broad axe {god gift}
  9034 | Lair:4   | Identified the +9 broad axe of Sudden Death {chop, Int+5} (Trog gifted it to you on level 4 of the Lair of Beasts)
  9038 | IceCv    | Entered an ice cave
  9051 | IceCv    | Reached ****** piety under Trog
  9484 | IceCv    | Reached XP level 13. HP: 104/119 MP: 12/12
 10014 | Lair:4   | Found the +8 whip "Snakebite" {curare, rPois}
 10704 | Lair:5   | Reached skill level 19 in Axes
 11428 | Lair:5   | Received a gift from Trog
 11438 | Lair:5   | Got a crystal battleaxe {god gift}
 11442 | Lair:5   | Identified the +6 battleaxe of the Inferno {flame, SInv} (Trog gifted it to you on level 5 of the Lair of Beasts)
 11517 | Lair:6   | Entered Level 6 of the Lair of Beasts
 11517 | Lair:6   | Found a staircase to the Slime Pits.
 11517 | Lair:6   | Found a viscous altar of Jiyva.
 11618 | Lair:6   | HP: 6/123 [death yak (22)]
 11705 | Lair:6   | Reached skill level 20 in Axes
 11751 | Lair:6   | Reached XP level 14. HP: 61/130 MP: 13/13
 12128 | Lair:6   | Received a gift from Trog
 12710 | Orc:1    | Entered Level 1 of the Orcish Mines
 12715 | Orc:1    | Noticed Maurice
 12725 | Orc:1    | Killed Maurice
 12775 | Orc:1    | Reached skill level 21 in Axes
 12904 | Orc:2    | Entered Level 2 of the Orcish Mines
 12982 | Orc:2    | Found a staircase to the Elven Halls.
 13174 | Orc:2    | Received a gift from Trog
 13222 | Orc:2    | Found Qebium's Armour Emporium.
 13440 | Orc:2    | Found Toeda's Jewellery Shoppe.
 13471 | Orc:2    | HP: 4/133 [orc sorcerer/bolt of negative energy (28)]
 13520 | Orc:2    | Received a gift from Trog
 13521 | Orc:2    | HP: 6/133 [orc warrior/enchanted trident (13)]
 13681 | Orc:2    | Found Suufuac's Assorted Antiques.
 13687 | Orc:2    | Found Xammolil's Weapon Shop.
 13689 | Orc:2    | Found Borhurul's Assorted Antiques.
 13697 | Orc:2    | Bought a scroll of blinking for 210 gold pieces
 13780 | Orc:1    | Reached skill level 15 in Fighting
 14022 | Orc:1    | Found a roughly hewn altar of Beogh.
 14300 | D:12     | Noticed Josephine
 14315 | D:12     | Killed Josephine
 14366 | D:12     | Received a gift from Trog
 14467 | D:12     | Reached XP level 15. HP: 124/141 MP: 12/14
 14476 | D:12     | Noticed eyesofgods1's ghost (journeyman SpAs)
 14483 | D:12     | Killed eyesofgods1's ghost
 14600 | D:12     | Noticed Shutra's ghost (novice DsGl)
 14618 | D:12     | Killed Shutra's ghost
 15301 | D:13     | Received a gift from Trog
 15379 | D:13     | Found a gate to the Vaults.
 15523 | D:13     | Identified the Volume of Mutagenic Stones
 15849 | D:13     | You are sucked into a shaft for 2 floors!
 15849 | D:15     | Entered Level 15 of the Dungeon
 16415 | D:15     | Found a staircase to the Depths.
 16577 | D:14     | Received a gift from Trog
 16581 | D:14     | Noticed Azrael
 16594 | D:14     | Killed Azrael
 16790 | D:14     | Found a bloodstained altar of Trog.
 17139 | Shoals:1 | Entered Level 1 of the Shoals
 17139 | Shoals:1 | Noticed Kirke
 17164 | Lair:4   | Killed Kirke
 17164 | Lair:4   | Reached skill level 22 in Axes
 17550 | Shoals:1 | Reached XP level 16. HP: 151/157 MP: 15/15
 18668 | Shoals:2 | Noticed Polyphemus
 18688 | Shoals:2 | HP: 7/159 [Polyphemus (3)]
 18688 | Shoals:2 | HP: 3/159 [death yak[Polyphemus] (4)]
 18689 | Shoals:2 | Mangled by Polyphemus

Skill      XL: |  1  2  3  4  5  6  7  8  9 10 11 12 13 14 15 16 |
---------------+-------------------------------------------------+-----
Fighting       | 4 5 6 9 12 13 15 17 18 | 18.5
Axes           | 4 5 6 9 12 15 17 18 20 21 22 | 22.2
Armour         | 3 4 5 9 11 12 13 14 | 14.1
Dodging        | 3 4 5 6 7 8 9 |  9.5
Stealth        | |  0.6

Action                   |  1- 3 |  4- 6 |  7- 9 | 10-12 | 13-15 | 16-18 || total
-------------------------+-------+-------+-------+-------+-------+-------++-------
Melee: Hand axe          |    69 |    86 |   117 |       |       |       ||   272
       Headbutt          |    11 |    18 |    66 |   110 |   229 |    33 ||   467
       War axe           |       |       |   166 |   391 |       |       ||   557
       Broad axe         |       |       |       |    46 |   100 |       ||   146
       Demon whip        |       |       |       |     4 |    21 |       ||    25
       Battleaxe         |       |       |       |       |   769 |   112 ||   881
       Unarmed           |       |       |       |       |     5 |       ||     5
Invok: Berserk           |       |     2 |     2 |     4 |    11 |     3 ||    22
       Trog's Hand       |       |       |     1 |       |    12 |     2 ||    15
       Burn Spellbooks   |       |       |       |     5 |     3 |       ||     8
  Use: Scroll            |       |       |     8 |    10 |    13 |     4 ||    35
       Potion            |       |       |       |       |     5 |     2 ||     7
  Eat: Chunk             |       |     5 |    11 |    18 |    32 |     3 ||    69
       Ration            |       |       |       |     1 |     2 |     1 ||     4
Armor: Animal skin       |     3 |       |       |       |       |       ||     3
       Ring mail         |     9 |     9 |       |       |       |       ||    18
       Chain mail        |       |    46 |    66 |       |       |       ||   112
       Scale mail        |       |       |    51 |   195 |   327 |    96 ||   669
Dodge: Dodged            |    44 |    39 |   143 |   240 |   503 |   119 ||  1088
